 Dungeon Crawl Stone Soup version 0.28.0-53-g5a82cb258f (webtiles) character file.

Game seed: 18074053958330499971

251937 firemarshallily the Eclecticist (level 19, -2/149 HPs)
             Began as a Merfolk Ice Elementalist on May 21, 2022.
             Was an Elder of Sif Muna.
             Shot with an arrow by a deep elf archer (5 damage)
             ... on level 3 of the Elven Halls on May 22, 2022.
             The game lasted 06:46:22 (58424 turns).

firemarshallily the Eclecticist (MfIE)             Turns: 58424, Time: 06:46:23

Health: -2/149     AC: 11    Str: 10    XL:     19   Next: 67%
Magic:  3/50       EV: 13    Int: 21    God:    Sif Muna [****..]
Gold:   996        SH: 11    Dex: 16    Spells: 2/55 levels left

rFire   + . .      SeeInvis .   m - staff of cold
rCold   + + .      Faith    .   M - +1 buckler
rNeg    . . .      Spirit   .   h - +2 robe
rPois   +          Reflect  +   r - +0 helmet of Bulleot {Will++ Regen+ Stlth-}
rElec   .          Harm     .   (no cloak)
rCorr   .          Rampage  .   s - +2 pair of gloves
Will    ++++.                   C - +2 pair of boots
Stlth   +.........              Y - amulet of Vaudekhlu {Reflect MP+9 SH+5}
HPRegen 1.14/turn               u - ring of poison resistance
MPRegen 0.32/turn               S - ring "Iruxak" {rF+ rC+ Will+ Str+2}

@: sluggish, very slow
A: (nimble swimmer 2), mertail
}: 2/15 runes: serpentine, barnacled
a: Renounce Religion, Channel Magic, Forget Spell, Divine Exegesis


You were on level 3 of the Elven Halls.
You worshipped Sif Muna.
Sif Muna was greatly pleased with you.
You visited 7 branches of the dungeon, and saw 35 of its levels.

You collected 3239 gold pieces.
You spent 2243 gold pieces at shops.

Inventory:

Missiles
 f - 13 javelins (quivered)
 g - 9 boomerangs of dispersal
 k - 9 atropa-tipped darts
 o - 7 throwing nets
 y - 11 curare-tipped darts
 Q - 53 poisoned darts
Armour
 h - a +2 robe (worn)
 r - the +0 helmet of Bulleot (worn) {Will++ Regen+ Stlth-}
   (You found it on level 7 of the Dungeon)

   Regen:     It increases your rate of health regeneration.
   Will:      It greatly increases your willpower.
   Stlth:     It makes you less stealthy.
 s - a +2 pair of gloves (worn)
 C - a +2 pair of boots (worn)
 M - a +1 buckler (worn)
Magical Staves
 m - a staff of cold (weapon)
 G - a staff of death
Jewellery
 n - a ring of see invisible
 u - a ring of poison resistance (left hand)
 K - a ring of protection from cold
 S - the ring "Iruxak" (right hand) {rF+ rC+ Will+ Str+2}
   (You bought it in a shop on level 9 of the Dungeon)

   [ring of protection from cold]

   Str:       It affects your strength (+2).
   rF:        It protects you from fire.
   rC:        It protects you from cold.
   Will:      It increases your willpower.
 Y - the amulet of Vaudekhlu (around neck) {Reflect MP+9 SH+5}
   (You bought it in a shop on level 9 of the Dungeon)

   [amulet of reflection]

   It reflects blocked missile attacks.
   MP:        It affects your magic capacity (+9).
   SH:        It affects your SH (+5).
Wands
 d - a wand of acid (13)
 i - a wand of flame (103)
 j - a wand of mindburst (10)
 t - a wand of polymorph (8)
 x - a wand of digging (13)
 B - a wand of charming (2)
 I - a wand of paralysis (26)
 T - a wand of iceblast (15)
Scrolls
 l - 2 scrolls of silence
 p - 10 scrolls of teleportation
 E - a scroll of summoning
 F - 5 scrolls of fog
 J - 7 scrolls of fear
 L - 2 scrolls of magic mapping
 P - a scroll of amnesia
 U - 2 scrolls of holy word
Potions
 a - 2 potions of invisibility
 b - a potion of cancellation
 c - a potion of ambrosia
 e - 6 potions of flight
 q - 7 potions of curing
 v - 9 potions of brilliance
 A - 6 potions of might
 H - 2 potions of resistance
 N - 2 potions of magic
 O - 4 potions of haste
 W - 3 potions of lignification
 X - 3 potions of heal wounds
Miscellaneous
 z - a tin of tremorstones (2/2)
 D - a lightning rod (4/4)
 R - a condenser vane


   Skills:
 + Level 13.2 Fighting
 - Level 7.0 Staves
 + Level 3.4 Dodging
 - Level 2.1 Stealth
 + Level 4.0 Shields
 * Level 18.9 Spellcasting
 - Level 9.7 Conjurations
 - Level 8.0 Hexes
 * Level 15.1 Summonings
 - Level 2.0 Translocations
 - Level 14.4 Ice Magic
 - Level 4.6 Earth Magic
 - Level 2.0 Evocations


You had 2 spell levels left.
You knew the following spells:

 Your Spells              Type           Power      Damage    Failure   Level
a - Summon Cactus Giant   Summ           35%        N/A       1%          6
b - Frozen Ramparts       Ice            100%       1d12      1%          3
c - Ozocubu's Armour      Ice            88%        N/A       1%          3
d - Hailstorm             Conj/Ice       82%        3d17      1%          4
e - Animate Skeleton      Necr           38%        N/A       3%          1
f - Blink                 Tloc           56%        N/A       2%          2
g - Swiftness             Air            19%        N/A       10%         3
h - Summon Mana Viper     Hex/Summ       62%        N/A       1%          5
i - Stone Arrow           Conj/Erth      100%       3d13      1%          3
j - Summon Hydra          Summ           35%        N/A       5%          7
k - Metabolic Englaciati  Hex/Ice        39%        N/A       1%          5
l - Summon Ice Beast      Ice/Summ       89%        N/A       1%          4
m - Poisonous Vapours     Pois/Air       38%        N/A       4%          2
n - Summon Forest         Summ/Tloc      27%        N/A       2%          5

Your spell library contained the following spells:

 Spells                   Type           Power      Damage    Failure   Level
 Freeze                   Ice            100%       1d11      0%          1
 Summon Small Mammal      Summ           100%       N/A       0%          1
 Apportation              Tloc           56%        N/A       1%          1
 Foxfire                  Conj/Fire      100%       2x1d9     1%          1
 Magic Dart               Conj           100%       1d8       1%          1
 Shock                    Conj/Air       100%       1d9       1%          1
 Slow                     Hex            100%       N/A       1%          1
 Searing Ray              Conj           100%       2d8       1%          2
 Static Discharge         Conj/Air       40%        N/A       1%          2
 Pain                     Necr           76%        1d7       3%          1
 Sting                    Tmut/Pois      76%        1d6       3%          1
 Corpse Rot               Necr/Air       38%        N/A       4%          2
 Scorch                   Fire           38%        2d7       4%          2
 Sublimation of Blood     Necr           19%        N/A       4%          2
 Call Canine Familiar     Summ           70%        N/A       1%          3
 Confusing Touch          Hex            52%        N/A       1%          3
 Conjure Flame            Conj/Fire      40%        6-21      1%          3
 Dazzling Flash           Conj/Hex       100%       N/A       1%          3
 Portal Projectile        Hex/Tloc       80%        N/A       1%          3
 Summon Guardian Golem    Hex/Summ       62%        N/A       1%          3
 Tukima's Dance           Hex            52%        N/A       1%          3
 Animate Armour           Summ/Erth      100%       N/A       1%          4
 Cause Fear               Hex            26%        N/A       1%          4
 Fulminant Prism          Conj/Hex       27%        3d14      1%          4
 Summon Lightning Spire   Summ/Air       51%        N/A       1%          4
 Iskenderun's Battlesphe  Conj           57%        2d11      1%          5
 Leda's Liquefaction      Hex/Erth       23%        N/A       2%          4
 Iskenderun's Mystic Bla  Conj/Tloc      44%        2d10      3%          4
 Lesser Beckoning         Tloc           28%        N/A       4%          3
 Flame Wave               Conj/Fire      40%        2d9       4%          4
 Sticky Flame             Conj/Fire      40%        2d6       4%          4
 Monstrous Menagerie      Summ           35%        N/A       5%          7
 Ignite Poison            Fire/Tmut/Pois 19%        N/A       10%         3
 Spider Form              Tmut/Pois      19%        N/A       10%         3
 Vampiric Draining        Necr           19%        2d7       10%         3
 Fireball                 Conj/Fire      20%        3d10      12%         5
 Irradiate                Conj/Tmut      20%        3d20      12%         5
 Petrify                  Tmut/Erth      29%        N/A       13%         4
 Passage of Golubria      Tloc           28%        N/A       14%         4
 Spellforged Servitor     Conj/Summ      32%        N/A       17%         7
 Silence                  Hex/Air        18%        N/A       19%         5
 Yara's Violent Unravell  Hex/Tmut       18%        3d9       19%         5
 Iron Shot                Conj/Erth      25%        9d5       26%         6
 Simulacrum               Ice/Necr       33%        N/A       26%         6
 Airstrike                Air            9%         N/A       32%         4
 Olgreb's Toxic Radiance  Pois           19%        N/A       32%         4
 Manifold Assault         Tloc           28%        N/A       36%         5
 Summon Horrible Things   Summ           35%        N/A       41%         8
 Orb of Destruction       Conj           28%        9d9       45%         7
 Conjure Ball Lightning   Conj/Air       20%        3x3d6     56%         6
 Starburst                Conj/Fire      20%        6d7       56%         6
 Malign Gateway           Summ/Tloc      27%        N/A       63%         7
 Alistair's Intoxication  Tmut/Pois      12%        N/A       67%         5
 Haunt                    Necr/Summ      25%        N/A       77%         7
 Statue Form              Tmut/Erth      19%        N/A       89%         6
 Dispersal                Tloc           14%        N/A       91%         6
 Death Channel            Necr           9%         N/A       99%         6
 Eringya's Noxious Bog    Tmut/Pois      9%         N/A       99%         6
 Dragon Form              Tmut           9%         N/A       100%        7
 Storm Form               Tmut/Air       9%         N/A       100%        7
 Disjunction              Tloc           14%        N/A       100%        8
 Infestation              Necr           9%         N/A       100%        8
 Lehudib's Crystal Spear  Conj/Erth      25%        10d7      100%        8
 Necromutation            Tmut/Necr      9%         N/A       100%        8
 Dragon's Call            Summ           35%        N/A       100%        9
 Fire Storm               Conj/Fire      20%        8d5       100%        9
 Shatter                  Erth           19%        3d18*     100%        9


Dungeon Overview and Level Annotations

Branches:
Dungeon (15/15)            Temple (1/1) D:5            Lair (6/6) D:10
 Shoals (4/4) Lair:2        Snake (4/4) Lair:3        Slime (0/5) Lair:5
    Orc (2/2) D:12            Elf (3/3) Orc:2        Vaults (0/5) D:14
 Depths (0/4) D:15

Altars:
Ashenzari
Cheibriados
Dithmenos
Elyvilon
Fedhas
Gozag
Hepliaklqana
Kikubaaqudgha
Makhleb
Nemelex Xobeh
Okawaru
Qazlal
Ru
Sif Muna
Trog
Uskayaw
Vehumet
Wu Jian
Xom
Yredelemnul
Zin
The Shining One

Shops:
D:7 ((*(   D:9 !?=*   D:10 [   D:12 [   D:14 *   Orc:2 ((*(   Elf:1 !:
Shoals:2 =*=   Shoals:4 =   Snake:3 *

Portals:
Abyss: Lair:4

Annotations:
D:4 exclusion: ice beast
Lair:2 2 transporters, exclusion: oklob plant, nickcage's ghost, journeyman DEEE
Lair:4 2 transporters, thiscave3701365's ghost, journeyman MiBe
Snake:1 2 transporters, Bead Fatuargh's ghost, adept DsFi
Elf:2 1 runed translucent door
Elf:3 3 runed translucent doors, 5 exclusions, SlowGraham's ghost, veteran FoEE; Wibiar's ghost, adept GnFE


Innate Abilities, Weirdness & Mutations

((You are very nimble when in or above water. (Stealth+, EV+, Speed+++)))
Your lower body shifts to a powerful aquatic tail in water.


Message History

The deep elf archer shoots an arrow.
You reflect the arrow off an invisible shield around you!
The arrow closely misses the deep elf archer.
The deep elf archer shoots an arrow.
You reflect the arrow off an invisible shield around you!
The arrow hits the deep elf archer!!
Casting: Swiftness (mildly dangerous; 10% risk of failure)
Confirm with . or Enter, or press ? or * to list all spells.
You don't have enough magic to cast this spell.
Casting: Swiftness (mildly dangerous; 10% risk of failure)
Confirm with . or Enter, or press ? or * to list all spells.
A mana viper appears with a sibilant hiss.
The deep elf archer gestures at you while chanting.
You resist with almost no effort.
The deep elf archer gestures wildly while chanting.
The deep elf archer blinks!
You feel sluggish.
The deep elf archer mumbles some strange words.
The deep elf archer blinks!
The deep elf archer shoots an arrow.
The arrow closely misses you.
The deep elf archer shoots an arrow.
You reflect the arrow off an invisible shield around you!
The arrow closely misses the deep elf archer.
There is an open translucent door here.
The +2 trident of venom hits you but does no damage.
The +2 trident of venom hits you!
* * * LOW HITPOINT WARNING * * *
The deep elf archer unwields a +0 shortbow.
The deep elf archer wields a +0 short sword.
You block the deep elf archer's attack.
The +2 trident of venom barely misses you.
The +2 trident of venom hits you from afar.
* * * LOW HITPOINT WARNING * * *
The deep elf archer unwields a +0 short sword.
The deep elf archer wields a +0 shortbow.
The deep elf archer shoots an arrow.
The arrow hits you!!
* * * LOW HITPOINT WARNING * * *
You block the +2 trident of venom's attack.
The deep elf archer shoots an arrow.
The arrow hits you.
You die...

#######'###############+######,,#
.............................#,,#
.............................#,,#
.............................#,,#
##+#######################...#,,#
.....,,,,,,,,,,,,,,,,,,,,#...#,,#
.......,,,,,,,,,,,,,,,,,,#...#,,#
#########'################...#,,#
,,,,,,,,.......<@............#,,#
,,,,,,,,........S.e..........#,,#
,,,,,,,,..........(..........#,.#
################'#############..#
................................#
................................#
#+########################'######
......,,,,,,,,,,,,,..............
........,,,,,,,,,,,..............


You could see a deep elf archer (repels missiles), a +2 trident of venom and a
friendly mana viper (summoned).

Vanquished Creatures
  Agnes (Snake:1)
  Kirke (Lair:6)
  A nagaraja (Snake:2)
  A deep elf sorcerer (Elf:3)
  Aizul (Snake:3)
  A dire elephant (Lair:6)
  2 deep elf annihilators
  Azrael (D:15)
  An ettin (D:15)
  3 merfolk javelineers (Shoals:4)
  3 merfolk impalers
  4 naga warriors
  3 boulder beetles
  2 salamander tyrants (Snake:4)
  An ogre mage (Orc:1)
  2 hydras
  8 anacondas
  2 merfolk aquamancers
  A catoblepas (D:13)
  An alligator snapping turtle (Shoals:4)
  4 two-headed ogres
  4 death yaks
  2 naga sharpshooters (Snake:3)
  3 dancing weapons
  3 shock serpents
  A hell knight (D:15)
  3 deep elf knights
  A skeletal warrior (D:14)
  4 sea snakes
  3 salamander mystics
  2 necromancers
  A wizard (D:15)
  3 naga ritualists
  5 lindwurms
  4 deep elf zephyrmancers
  7 harpies
  5 mana vipers
  2 orc sorcerers
  6 deep elf pyromancers
  2 ugly things
  2 fauns
  4 cyclopes
  6 salamanders
  A salamander (shapeshifter) (Elf:1)
  6 manticores
  Maurice (D:13)
  4 guardian serpents
  A centaur zombie (D:11)
  9 elephants
  5 water nymphs
  A guardian serpent (shapeshifter) (D:14)
  6 naga magi
  A black mamba (shapeshifter) (Elf:1)
  16 cane toads
  40 black mambas
  3 gargoyles
  2 unseen horrors (D:12)
  4 kobold demonologists
  10 komodo dragons
  A rime drake (Lair:6)
  Maggie (Lair:1)
  A polar bear (Lair:2)
  5 trolls
  10 merfolk
  A hornet (Lair:6)
  A hornet (shapeshifter) (D:15)
  2 wind drakes
  5 slime creatures (D:12)
  Prince Ribbit (D:8)
  15 blink frogs
  7 dream sheep
  5 snapping turtles
  A vampire (D:9)
  A spriggan (shapeshifter) (D:13)
  A shadow (D:12)
  5 humans (Lair:6)
  4 water elementals
  47 yaks
  A large abomination (Elf:1)
  3 wraiths
  2 hogs (Lair:6)
  10 wyverns
  4 basilisks
  2 redbacks (Lair:6)
  A golden eye (shapeshifter) (D:14)
  2 vampire mosquitoes (D:13)
  11 nagas
  Edmund (D:5)
  A hell hound (D:15)
  An acid dragon (D:11)
  31 water moccasins
  A floating eye (D:12)
  4 ice beasts
  A hornet zombie (D:9)
  17 orc warriors
  2 necrophages
  2 black bears
  5 ogres
  6 wolves (Lair:3)
  11 centaurs
  6 kobold brigands
  A phantom (D:12)
  6 scorpions
  13 bullfrogs
  A wyvern zombie (D:8)
  2 troll zombies (D:12)
  11 killer bees
  6 howler monkeys
  6 nameless horrors
  3 wights (D:8)
  4 electric eels
  10 orc priests
  3 hounds (D:5)
  3 jellies
  2 iguanas
  A scorpion zombie (D:5)
  23 orc wizards
  5 hell rats (Lair:5)
  2 killer bee zombies
  5 ogre zombies (D:12)
  A mummy (D:6)
  2 howler monkey zombies
  27 gnolls
  5 adders
  A white imp (D:6)
  An ufetubus (D:4)
  An adder zombie (D:5)
  A worm (D:4)
  4 dart slugs
  60 orcs
  10 ball pythons
  3 endoplasms
  3 giant cockroaches
  6 goblins
  7 hobgoblins
  11 jackals
  28 kobolds
  6 quokkas
  7 bats
  5 frilled lizards
  A goblin skeleton (D:12)
  A goblin zombie (D:12)
  2 hobgoblin skeletons (D:12)
  4 hobgoblin zombies (D:12)
  2 orc skeletons (D:12)
  13 orc zombies (D:12)
  10 rats
795 creatures vanquished.

Vanquished Creatures (collateral kills)
  Polyphemus (Shoals:3)
  Donald (Snake:1)
  A deep elf sorcerer (Elf:3)
  2 nagarajas
  A deep elf elementalist (Elf:3)
  A deep elf annihilator (Elf:3)
  3 merfolk javelineers (Shoals:4)
  3 merfolk impalers
  A deep elf high priest (Elf:3)
  2 hydras (D:15)
  3 merfolk avatars (Shoals:4)
  6 naga warriors
  A catoblepas (Shoals:3)
  5 two-headed ogres
  2 satyrs
  2 death yaks
  An alligator snapping turtle (Shoals:3)
  9 anacondas
  A death knight (D:14)
  25 dancing weapons
  7 naga sharpshooters
  An orc high priest (Orc:2)
  6 shock serpents
  7 deep elf knights
  3 salamander mystics (Snake:4)
  5 sea snakes
  2 deep trolls (D:15)
  A wizard (D:15)
  7 naga ritualists
  An orc knight (Orc:1)
  A lindwurm (Snake:4)
  2 deep elf archers (Elf:2)
  13 deep elf zephyrmancers
  A necromancer (Elf:1)
  5 harpies
  A harpy (shapeshifter) (Elf:2)
  6 mana vipers
  5 orc sorcerers (Orc:2)
  10 deep elf pyromancers
  3 ugly things
  10 fauns
  9 salamanders
  2 cyclopes
  4 manticores
  2 shining eyes (shapeshifter) (D:14)
  A wolf spider (Lair:6)
  5 guardian serpents
  21 black mambas
  8 merfolk sirens
  7 naga magi
  5 water nymphs
  2 elephants (Lair:6)
  A centaur zombie (D:11)
  A cane toad (Lair:6)
  A torpor snail (Lair:6)
  A freezing wraith (D:14)
  A komodo dragon (Lair:2)
  A rime drake (Lair:6)
  19 merfolk
  2 trolls
  5 wind drakes
  A hornet (Lair:6)
  5 snapping turtles
  A slime creature (D:12)
  12 dream sheep
  A blink frog (Lair:6)
  A shadow (D:12)
  4 fire elementals
  5 water elementals
  2 wraiths (D:14)
  4 yaks
  A basilisk (Lair:2)
  3 large abominations (Elf:1)
  13 nagas
  5 water moccasins (Lair:6)
  A hell hound (D:15)
  3 orc warriors
  An ice beast (D:6)
  5 ogres
  A nameless horror (Snake:2)
  An elf zombie (Elf:1)
  3 earth elementals
  11 orc priests
  10 orc wizards
  An ogre zombie (D:12)
  A gnoll (Orc:2)
  9 orcs
  An orc skeleton (D:12)
  A plant (Shoals:3)
373 creatures vanquished.

Vanquished Creatures (others)
  A nagaraja (Snake:4)
  Nessos (D:13)
  A deep elf pyromancer (Elf:2)
  A salamander (Snake:4)
  An air elemental (Elf:2)
  A vampire (D:12)
  A naga (Snake:4)
  2 kobold brigands
  76 fungi
  276 plants
  7 snaplasher vines
  6 withered plants (Elf:3)
374 creatures vanquished.

Grand Total: 1542 creatures vanquished

Notes
Turn   | Place    | Note
-------+----------+-------------------------------------------
     0 | D:1      | firemarshallily the Merfolk Ice Elementalist began the
                  | quest for the Orb.
     0 | D:1      | Reached XP level 1. HP: 13/13 MP: 3/3
   343 | D:1      | Reached XP level 2. HP: 18/19 MP: 5/5
   815 | D:1      | Found a faded altar of an unknown god.
   866 | D:1      | Reached XP level 3. HP: 21/24 MP: 1/6
   889 | D:1      | Learned a level 3 spell: Frozen Ramparts
   893 | D:1      | Learned a level 3 spell: Ozocubu's Armour
  1205 | D:2      | Reached skill level 5 in Ice Magic
  1629 | D:2      | Reached skill level 3 in Spellcasting
  1631 | D:2      | Reached XP level 4. HP: 28/30 MP: 3/8
  2671 | D:3      | Learned a level 1 spell: Animate Skeleton
  2751 | D:3      | Reached XP level 5. HP: 35/35 MP: 8/10
  3232 | D:4      | Reached skill level 1 in Staves
  3232 | D:4      | Reached skill level 1 in Evocations
  3267 | D:4      | Reached skill level 4 in Spellcasting
  3267 | D:4      | Reached XP level 6. HP: 39/41 MP: 3/12
  3709 | D:4      | Found a hide-covered altar of Uskayaw.
  3827 | D:4      | Noticed an ice beast
  4363 | D:4      | Noticed a necrophage
  4379 | D:4      | Killed a necrophage
  4380 | D:4      | Reached XP level 7. HP: 46/46 MP: 7/13
  4542 | D:5      | Entered Level 5 of the Dungeon
  4811 | D:5      | Reached skill level 5 in Spellcasting
  5094 | D:5      | Noticed Edmund
  5099 | D:5      | Killed Edmund
  5100 | D:5      | Reached XP level 8. HP: 46/52 MP: 5/16
  5271 | D:5      | Found a sparkling altar of Nemelex Xobeh.
  5344 | D:5      | Found a staircase to the Ecumenical Temple.
  5353 | D:5      | Identified the +8 chain mail of the Desolation of Salt {Fly
                  | Str+4}
  5376 | Temple   | Entered the Ecumenical Temple
  5719 | Temple   | Became a worshipper of Sif Muna the Loreminder
  6174 | D:5      | Reached * piety under Sif Muna
  6263 | D:5      | Reached skill level 6 in Spellcasting
  6817 | D:5      | Reached ** piety under Sif Muna
  7189 | D:6      | Reached XP level 9. HP: 52/57 MP: 8/18
  7826 | D:6      | Found a snail-covered altar of Cheibriados.
  7892 | D:6      | Reached skill level 7 in Spellcasting
  8038 | D:6      | Learned a level 4 spell: Hailstorm
  8220 | D:7      | Found Coir's Assorted Antiques.
  8228 | D:7      | Bought a scroll of identify for 58 gold pieces
  8228 | D:7      | Bought a fuming dark potion for 26 gold pieces
  8228 | D:7      | Bought an orange potion for 26 gold pieces
  8412 | D:7      | Found Kitan's Antique Weapon Shoppe.
  8460 | D:7      | Found Loushrur's Weapon Shoppe.
  9027 | D:7      | Identified the +0 helmet of Bulleot {Will++ Regen+ Stlth-}
  9388 | D:7      | Found Akhaotysh's Weapon Shoppe.
  9821 | D:8      | Found a broken altar of Ashenzari.
  9830 | D:8      | Reached skill level 10 in Ice Magic
  9916 | D:8      | Reached skill level 8 in Spellcasting
 10215 | D:8      | Found a stormy altar of Qazlal.
 10216 | D:8      | Found an ornate altar of the Wu Jian Council.
 10455 | D:8      | Noticed Prince Ribbit
 10462 | D:8      | Killed Prince Ribbit
 10463 | D:8      | Reached XP level 10. HP: 63/63 MP: 12/22
 10520 | D:8      | Found a burning altar of Makhleb.
 10846 | D:9      | Found Zinud's General Store.
 10853 | D:9      | Bought a scroll of identify for 26 gold pieces
 10853 | D:9      | Bought a potion of heal wounds for 65 gold pieces
 10885 | D:9      | Found Codaocy's Magic Scroll Shop.
 10931 | D:9      | Found Vim Astrimosi's Jewellery Emporium.
 10942 | D:9      | Learned a level 1 spell: Shock
 10946 | D:9      | Learned a level 3 spell: Swiftness
 10950 | D:9      | Learned a level 3 spell: Vampiric Draining
 10956 | D:9      | Bought a scroll of identify for 26 gold pieces
 10956 | D:9      | Bought a scroll of identify for 26 gold pieces
 10956 | D:9      | Bought a scroll of fog for 26 gold pieces
 10956 | D:9      | Bought a scroll of fear for 45 gold pieces
 11272 | D:9      | Found a shimmering altar of Xom.
 11576 | D:9      | Reached skill level 5 in Staves
 11759 | D:9      | Found Keurcho's Distillery.
 11815 | D:9      | Bought a potion of curing for 36 gold pieces
 11815 | D:9      | Bought a potion of curing for 36 gold pieces
 11815 | D:9      | Bought 2 potions of curing for 72 gold pieces
 11900 | D:10     | Entered Level 10 of the Dungeon
 11918 | D:10     | Noticed a kobold demonologist
 12015 | D:10     | Noticed a kobold demonologist
 12020 | D:10     | Killed a kobold demonologist
 12021 | D:10     | Reached skill level 9 in Spellcasting
 12025 | D:10     | Killed a kobold demonologist
 12025 | D:10     | Reached *** piety under Sif Muna
 12371 | D:10     | Found a staircase to the Lair.
 12617 | D:10     | Identified a scroll of acquirement
 12617 | D:10     | Acquired the Handbook of Earthen Shape Shifting
 12623 | D:10     | Learned a level 3 spell: Stone Arrow
 12715 | D:10     | Found Lenaisal's Armour Emporium.
 12820 | D:10     | Found an ancient bone altar of Kikubaaqudgha.
 12839 | D:10     | Found a hazy altar of Hepliaklqana.
 12846 | D:10     | Found a radiant altar of Vehumet.
 12846 | D:10     | Found a bloodstained altar of Trog.
 12853 | D:10     | Found a basalt altar of Yredelemnul.
 13049 | D:10     | Learned a level 3 spell: Call Canine Familiar
 13784 | D:11     | Reached skill level 1 in Conjurations
 13892 | D:11     | Reached XP level 11. HP: 66/68 MP: 17/24
 14233 | D:11     | Found a shimmering blue altar of Sif Muna.
 14443 | D:11     | Reached skill level 10 in Spellcasting
 14576 | D:12     | Found Mailiss's Armour Emporium.
 14621 | D:12     | Noticed a two-headed ogre
 14768 | D:12     | Identified the +1 scale mail of Dogma {rN+}
 14784 | D:12     | Noticed a cyclops
 14800 | D:12     | Killed a cyclops
 14927 | D:12     | Killed a two-headed ogre
 14961 | D:12     | Noticed a cyclops
 14981 | D:12     | Killed a cyclops
 15126 | D:12     | Noticed a deep elf pyromancer
 15140 | D:12     | Killed a deep elf pyromancer
 15552 | D:12     | Reached **** piety under Sif Muna
 15756 | D:12     | Noticed a deep elf pyromancer
 15761 | D:12     | Paralysed by a floating eye for 3 turns
 15768 | D:12     | Killed a deep elf pyromancer
 16266 | D:12     | Found a staircase to the Orcish Mines.
 16274 | D:12     | Reached skill level 11 in Spellcasting
 16274 | D:12     | Reached XP level 12. HP: 74/74 MP: 4/27
 17260 | D:9      | Bought the amulet of Vaudekhlu {Reflect MP+9 SH+5} for 614
                  | gold pieces
 17433 | D:13     | Reached ***** piety under Sif Muna
 17484 | D:13     | Learned a level 5 spell: Metabolic Englaciation
 17614 | D:13     | Noticed a boulder beetle
 17629 | D:13     | Killed a boulder beetle
 17782 | D:13     | Noticed Nessos
 17790 | D:13     | Killed Nessos
 17999 | D:13     | Received a gift from Sif Muna
 18002 | D:13     | Got Sif Muna's Guide on Contamination and Battle Magic {god
                  | gift}
 18048 | D:13     | Noticed Maurice
 18078 | D:13     | Killed Maurice
 18215 | D:14     | Noticed a catoblepas
 18300 | Lair:1   | Entered Level 1 of the Lair of Beasts
 18332 | Lair:1   | Noticed Maggie
 18338 | Lair:1   | Killed Maggie
 18805 | Lair:1   | Reached skill level 1 in Fighting
 19022 | Lair:1   | Noticed a four-headed hydra
 19030 | Lair:1   | Killed a four-headed hydra
 19031 | Lair:1   | Reached skill level 5 in Conjurations
 19481 | Lair:2   | Found a transporter.
 19485 | Lair:2   | Noticed a death yak
 19486 | Lair:2   | Noticed a five-headed hydra
 19486 | Lair:2   | Noticed a boulder beetle
 19491 | Lair:2   | Found a transporter.
 19492 | Lair:2   | Noticed nickcage's ghost (journeyman DEEE)
 19512 | Lair:2   | Reached skill level 12 in Spellcasting
 19773 | Lair:2   | Reached XP level 13. HP: 65/86 MP: 4/29
 20525 | Lair:2   | Found a staircase to the Shoals.
 20898 | Lair:2   | Reached skill level 1 in Earth Magic
 21258 | Lair:3   | Found a basalt altar of Yredelemnul.
 21571 | Lair:3   | Found a staircase to the Snake Pit.
 21654 | Lair:3   | Received a gift from Sif Muna
 21672 | Lair:3   | Got Sif Muna's Almanac of Companions {god gift}
 22385 | Lair:4   | Reached skill level 13 in Spellcasting
 22385 | Lair:4   | Reached skill level 1 in Summonings
 22456 | Lair:4   | Reached skill level 5 in Fighting
 22736 | Lair:4   | Noticed thiscave3701365's ghost (journeyman MiBe)
 22739 | Lair:4   | Found a one-way gate to the infinite horrors of the Abyss.
 22752 | Lair:4   | Found a transporter.
 22776 | Lair:4   | Found a transporter.
 23390 | Lair:5   | Found a staircase to the Slime Pits.
 23789 | Lair:5   | Reached XP level 14. HP: 98/98 MP: 26/31
 24250 | Lair:6   | Entered Level 6 of the Lair of Beasts
 24490 | Lair:6   | Learned a level 4 spell: Summon Ice Beast
 24799 | Lair:6   | Noticed a dire elephant
 24813 | Lair:6   | Received a gift from Sif Muna
 24816 | Lair:6   | Noticed Kirke
 24835 | Lair:5   | HP: 2/100 [yak (4)]
 25032 | Lair:6   | Killed Kirke
 25243 | Lair:6   | Killed a dire elephant
 25523 | Lair:6   | Got Sif Muna's Grimoire of Unholy Arts {god gift}
 25711 | Lair:6   | Reached skill level 14 in Spellcasting
 27104 | Lair:6   | Reached XP level 15. HP: 39/108 MP: 28/33
 27610 | D:9      | Bought the ring "Iruxak" {rF+ rC+ Will+ Str+2} for 536 gold
                  | pieces
 27781 | Orc:1    | Entered Level 1 of the Orcish Mines
 27792 | Orc:1    | Reached skill level 5 in Summonings
 27800 | Orc:1    | Received a gift from Sif Muna
 27805 | Orc:1    | Got Iskenderun's Compendium of Confrontation and Fire {god
                  | gift}
 28221 | Orc:1    | Learned a level 2 spell: Poisonous Vapours
 29092 | Orc:2    | Entered Level 2 of the Orcish Mines
 29749 | Orc:2    | Found a staircase to the Elven Halls.
 30347 | Orc:2    | Received a gift from Sif Muna
 30349 | Orc:2    | Got Moibbig's Catalogue of Ashen Battle Magic {god gift}
 30567 | Orc:2    | Found Iqank's Assorted Antiques.
 30567 | Orc:2    | Found Racs's Antique Weapon Emporium.
 30570 | Orc:2    | Found Vitt's Antique Weapon Emporium.
 30572 | Orc:2    | Found Inneinus's Antique Weapon Shoppe.
 31630 | D:14     | Found Waskamp's Whimsical Warehouse.
 31640 | D:14     | Found a gate to the Vaults.
 31896 | D:14     | Learned a level 5 spell: Summon Forest
 32260 | D:14     | Reached skill level 1 in Translocations
 32426 | D:14     | Reached skill level 15 in Spellcasting
 32659 | D:15     | Entered Level 15 of the Dungeon
 32736 | D:15     | Noticed Azrael
 33001 | D:15     | Paralysed by a hornet for 3 turns
 33006 | D:15     | Received a gift from Sif Muna
 33139 | D:15     | Killed Azrael
 34074 | D:15     | Found a staircase to the Depths.
 34140 | D:15     | Learned a level 5 spell: Summon Mana Viper
 34299 | Shoals:1 | Entered Level 1 of the Shoals
 34765 | Shoals:1 | Reached XP level 16. HP: 119/119 MP: 34/35
 34809 | Shoals:1 | Identified the +0 scale mail of the Slightly Bent {rCorr
                  | Int+5}
 34815 | Shoals:1 | Reached skill level 1 in Hexes
 35454 | Shoals:2 | Found Noecuukk's Assorted Antiques.
 35456 | Shoals:2 | Found Ufoypen's Jewellery Emporium.
 36081 | Shoals:2 | Found Nextaqomn's Jewellery Boutique.
 36170 | Shoals:2 | Received a gift from Sif Muna
 36178 | Shoals:2 | Got Sif Muna's Sorcery, Part Six {god gift}
 38023 | Shoals:3 | Noticed Polyphemus
 38029 | Shoals:3 | Killed Polyphemus
 38037 | Shoals:3 | Reached skill level 16 in Spellcasting
 38554 | Shoals:4 | Entered Level 4 of the Shoals
 38564 | Shoals:3 | Learned a level 6 spell: Summon Cactus Giant
 39034 | Shoals:4 | Reached skill level 10 in Summonings
 39489 | Shoals:4 | Reached skill level 10 in Fighting
 39674 | Shoals:4 | Found Xayme's One-of-a-Kind Rings.
 40318 | Shoals:4 | Received a gift from Sif Muna
 40321 | Shoals:4 | Got Sif Muna's Guide on Congealing Conjuration {god gift}
 40597 | Shoals:4 | Reached XP level 17. HP: 128/128 MP: 23/37
 41842 | Shoals:4 | Reached skill level 5 in Hexes
 42375 | Shoals:4 | Got a barnacled rune of Zot
 43201 | D:9      | Bought a ring of poison resistance for 220 gold pieces
 43356 | Snake:1  | Entered Level 1 of the Snake Pit
 43395 | Snake:1  | Noticed Donald
 43405 | Snake:1  | Killed Donald
 43971 | Snake:1  | Found a transporter.
 43973 | Snake:1  | Noticed Bead Fatuargh's ghost (adept DsFi)
 43993 | Snake:1  | Found a transporter.
 45028 | Snake:1  | Noticed Agnes
 45037 | Snake:1  | Killed Agnes
 45193 | Snake:2  | Reached skill level 17 in Spellcasting
 45194 | Snake:2  | Received a gift from Sif Muna
 45195 | Snake:2  | Got Sif Muna's Compendium of Summoning and Clay {god gift}
 46732 | Snake:3  | Reached XP level 18. HP: 97/138 MP: 5/39
 46914 | Snake:3  | Learned a level 2 spell: Blink
 47487 | Snake:3  | Found Egounun's General Store.
 47954 | Snake:4  | Entered Level 4 of the Snake Pit
 48735 | Snake:4  | Received a gift from Sif Muna
 48736 | Snake:4  | Got Sif Muna's Reference Book on the Mountains and
                  | Companions {god gift}
 49977 | Snake:4  | Reached skill level 18 in Spellcasting
 50905 | Snake:4  | Got a serpentine rune of Zot
 51936 | Snake:3  | Noticed Aizul
 51958 | Snake:3  | Killed Aizul
 52280 | Elf:1    | Entered Level 1 of the Elven Halls
 52512 | Elf:1    | Reached skill level 1 in Shields
 52705 | Elf:1    | Received a gift from Sif Muna
 52706 | Elf:1    | Reached XP level 19. HP: 44/128 MP: 31/41
 52706 | Elf:1    | Got Sif Muna's Compendium of the Blaze {god gift}
 53179 | Elf:1    | Found Ixtobb's Book Emporium.
 53191 | Elf:1    | Found Zaonetz's Distillery.
 54004 | Elf:1    | Got the Disquisition on Stolen Souls
 54088 | Elf:1    | Bought a potion of magic for 120 gold pieces
 54088 | Elf:1    | Bought 2 potions of heal wounds for 150 gold pieces
 54088 | Elf:1    | Bought a potion of curing for 45 gold pieces
 54088 | Elf:1    | Bought a potion of curing for 45 gold pieces
 54088 | Elf:1    | Bought a potion of lignification for 45 gold pieces
 54393 | Elf:2    | Identified the +0 leather armour "Ciopluz" {*Corrode rElec
                  | rN+ Stlth+}
 55017 | Elf:2    | Found a runed translucent door.
 55067 | Elf:2    | Found a runed translucent door.
 57115 | Elf:2    | Reached skill level 15 in Summonings
 57321 | Elf:3    | Entered Level 3 of the Elven Halls
 57548 | Elf:3    | Identified the +7 mace of Ynezen {speed, Dex+3}
 57549 | Elf:3    | Found a runed translucent gate.
 57575 | Elf:3    | Found a runed translucent gate.
 57575 | Elf:3    | Found a runed translucent gate.
 57576 | Elf:3    | Noticed SlowGraham's ghost (veteran FoEE)
 57577 | Elf:3    | Noticed Wibiar's ghost (adept GnFE)
 57608 | Elf:3    | Learned a level 7 spell: Summon Hydra
 58015 | Elf:3    | Noticed a Tzitzimitl
 58398 | Elf:3    | Identified the ring of Merysi {rPois rN+ Str+6 Dex+2}
 58424 | Elf:3    | HP: 3/149 [deep elf archer/arrow (26)]
 58424 | Elf:3    | Shot with an arrow by a deep elf archer

Illustrated notes

Levels and vault maps discovered:
D:1:      dpeg_arrival_pits, layout_loops_ring,
          ebering_ecumenical_altar_sacrificial, grunt_decor_cap
D:2:      minmay_spotlight, layout_basic
D:3:      layout_basic
D:4:      minmay_chambers_of_fours, layout_basic, mainiacjoe_overflow_boulevard
D:5:      lemuel_castle_with_subvaults [lemuel_castle_interior_original],
          layout_basic, overflow_temple_1_default,
          minmay_temple_entry_glassed_door, uniq_edmund
D:6:      layout_loops_ring, slow_altar_2, hex_medium
D:7:      layout_rooms, serial_shops, nicolae_diamond_shop, shop,
          nicolae_shop_bloodbath_and_beyond, shop
D:8:      layout_basic, mainiacjoe_overflow_concentric_impassable,
          mainiacjoe_overflow_large_starburst, nicolae_overflow_hidden_temple,
          uniq_prince_ribbit1
D:9:      layout_cave_pools, tgw_xom, serial_shops,
          nicolae_shop_temple_entry_statues_fountains, shop,
          nicolae_shop_hallway_plus, kennysheep_mini, skrybe_limestone_x
D:10:     nicolae_cairo_tiling_very_big, layout_gridville,
          nicolae_overflow_hallway_of_the_gods, david_lair_shrubbed,
          serial_shops, shop_coins
D:11:     layout_loops_ring, kennysheep_orc_sif_temple
D:12:     layout_gridville, zombieorc2_lemuel, serial_shops,
          nicolae_shop_hallway_stairs, minivault_10, onia_ninara_cookie
D:13:     layout_roguey, uniq_nessos, uniq_maurice
D:14:     layout_loops_ring, david_vaults_2, nicolae_alphabet_shops, st_stairs_2
D:15:     hangedman_depths_entry_civil_slaughter, layout_long_grid,
          serial_bayou_lagoon_a, uniq_azrael
Temple:   compressed_dpeg_triangle_lava_temple
Lair:1:   layout_chaotic_city, nicolae_quartered_pool_little, uniq_maggie
Lair:2:   layout_cave_pods, minmay_shoals_entry_beasts, nzn_ghost_randoct
Lair:3:   layout_misc_corridors, minmay_snake_entry_six_corridors, basic_altar,
          grunt_megastairs_3, infiniplex_staircase_pool
Lair:4:   layout_cave_shapes, gammafunk_ghost_abyssal_escape,
          beast_lair_carwin_5
Lair:5:   layout_regular_city, slime_dummy, grunt_megastairs_1,
          serial_bayou_shore_a, serial_bayou_shore_b
Lair:6:   hangedman_lair_tendril_chambers, layout_layer_cave,
          hangedman_lair_in_review, uniq_kirke
Shoals:1: layout_shoals
Shoals:2: layout_shoals, serial_shops, nicolae_shop_advertising_works
          [nicolae_subvault_shop_adworks], nicolae_stop_n_shop_1, shop
Shoals:3: layout_shoals, uniq_polyphemus
Shoals:4: shoals_end_simple, layout_shoals, nicolae_shop_unique_rings
Snake:1:  layout_concentric_octagons, gammafunk_ghost_arena,
          nicolae_snake_gridmaze_squiggle, uniq_donald, uniq_agnes
Snake:2:  layout_misc_corridors, drop_trap, grunt_megastairs_5
Snake:3:  layout_chambers, serial_shops, shop, uniq_aizul
Snake:4:  snake_pit_salamanders_mu, layout_onion, grunt_megastairs_2
Orc:1:    layout_caves, nicolae_orc_pool_cavern
Orc:2:    st_orc_mages, layout_caves
Elf:1:    eino_elf_arrival_the_gate, layout_gridlike, minmay_elf_necromancy,
          minmay_shop_star, lemuel_upstairs_altar
Elf:2:    nicolae_elf_blades_splatter_lattice
          [nicolae_blade_entry_splitting_headache], layout_geoelf_grid
Elf:3:    minmay_elf_hall_not_hex, layout_onion_city, gammafunk_ghost_cemetery

Skill      XL: |  1  2  3  4  5  6  7  8  9 10 11 12 13 14 15 16 17 18 19 |
---------------+----------------------------------------------------------+-----
Dodging        | 3 |  3.4
Ice Magic      | 5 6 7 8 10 12 13 14 | 14.4
Spellcasting   | 3 4 5 6 8 9 11 12 13 14 15 16 17 18 | 18.9
Staves         | 1 2 3 4 5 6 7 |  7.0
Evocations     | 1 2 |  2.0
Conjurations   | 1 3 5 7 9 |  9.7
Fighting       | 3 5 7 8 10 11 12 13 | 13.2
Earth Magic    | 3 4 |  4.6
Summonings     | 2 4 8 10 12 14 15 | 15.1
Translocations | 2 |  2.0
Hexes          | 4 6 8 |  8.0
Shields        | 1 4 |  4.0
Stealth        | |  2.1

Action                   |  1- 3 |  4- 6 |  7- 9 | 10-12 | 13-15 | 16-18 | 19-21 || total
-------------------------+-------+-------+-------+-------+-------+-------+-------++-------
Melee: Whip              |    51 |    10 |       |       |       |       |       ||    61
       Staff             |       |    35 |   485 |   478 |   540 |   394 |   124 ||  2056
       Punch             |       |       |    10 |     4 |    11 |    10 |       ||    35
       Tailslap          |       |       |     2 |       |     3 |    21 |       ||    26
Throw: Javelin           |       |     1 |       |       |       |     6 |       ||     7
       Throwing net      |       |       |     2 |     1 |       |     1 |       ||     4
       Dart              |       |       |       |     8 |     6 |    14 |       ||    28
 Cast: Freeze            |    39 |    52 |    37 |    53 |     9 |       |       ||   190
       Frozen Ramparts   |       |     9 |    53 |    95 |   164 |   118 |    17 ||   456
       Ozocubu's Armour  |       |     5 |    27 |    59 |   101 |   120 |    16 ||   328
       Animate Skeleton  |       |     1 |     2 |       |    16 |    63 |    15 ||    97
       Hailstorm         |       |       |     3 |    58 |    48 |    24 |       ||   133
       Shock             |       |       |       |    29 |    17 |       |       ||    46
       Call Canine Famil |       |       |       |     8 |    69 |    76 |    30 ||   183
       Stone Arrow       |       |       |       |    19 |    67 |   100 |    11 ||   197
       Metabolic Englaci |       |       |       |     1 |    13 |    13 |     8 ||    35
       Summon Ice Beast  |       |       |       |       |    91 |   130 |    40 ||   261
       Poisonous Vapours |       |       |       |       |    44 |    74 |    15 ||   133
       Summon Forest     |       |       |       |       |     1 |    16 |     2 ||    19
       Summon Mana Viper |       |       |       |       |       |    93 |    47 ||   140
       Summon Cactus Gia |       |       |       |       |       |   125 |    55 ||   180
       Swiftness         |       |       |       |       |       |     1 |     4 ||     5
       Blink             |       |       |       |       |       |     3 |       ||     3
       Summon Hydra      |       |       |       |       |       |       |     9 ||     9
Invok: Forget Spell      |       |       |       |       |       |       |     1 ||     1
Evoke: Wand              |       |     1 |       |       |       |     1 |       ||     2
  Use: Scroll            |       |     6 |     6 |    16 |    10 |     4 |     7 ||    49
       Potion            |       |       |     2 |     6 |     4 |     8 |     3 ||    23
 Stab: Sleeping          |     1 |     1 |       |       |       |       |       ||     2
       Distracted        |       |       |       |     1 |     2 |     7 |     3 ||    13
Armor: Robe              |     8 |    18 |   125 |   242 |   203 |   263 |    40 ||   899
       Skin              |       |       |    19 |     7 |       |       |       ||    26
Dodge: Dodged            |    44 |    48 |   241 |   339 |   306 |   430 |    53 ||  1461
Block: Other             |    10 |    18 |    88 |   137 |    99 |   156 |       ||   508
       Reflection        |       |       |       |    20 |       |    28 |    12 ||    60
       Buckler           |       |       |       |       |       |    14 |    82 ||    96
